AoeStats
← Kaiser Ze

Lombardia

509076652Analyzed
3v3 RM · 7d ago on Sep 25, 2026· 44m 32s· 6 players
Game mode
Random Map
Map size
Normal (6 player)
Population
200
Speed
Normal
Resources
Standard
Victory
Conquest
Starting age
Dark Age
Ending age
Imperial Age
RankedLock teamsTeams togetherTeam positionsShared explorationLock speedFull tech treeHidden civsTurbo modeCheats
Victory
Defeat
🇩🇪 Mapuche · Germany
1492
+12
🇫🇷 Berbers · France
1447
+14
🇺🇸 Aztecs · United States
1438
+14
🇨🇳 Mongols · China
1429
-14
1405
-14
🇨🇳 Khitans · China
1367
-12
Chiripa605
5:15 Loom
10:27 Feudal Age
10:31 Man-at-Arms
11:03 Double-Bit Axe
14:54 Horse Collar
20:48 Castle Age
19:28 Arson
19:46 Scale Mail Armor
20:18 Gold Mining
21:43 Bow Saw
22:01 Squires
21:30 Eagle Warrior
22:54 Heavy Plow
23:40 Chain Mail Armor
26:29 Wheelbarrow
27:16 Forging
27:59 Stone Mining
28:39 Hand Cart
30:09 Stone Shaft Mining
33:20 Imperial Age
31:34 Town Watch
34:46 Gold Shaft Mining
34:34 Conscription
34:34 Fervor
35:55 Plate Mail Armor
36:35 Elite Jaguar Warrior
36:42 Capped Ram
38:51 Iron Casting
39:11 Garland Wars
41:02 Siege Ram
44:29 Blast Furnace
43:44 Siege Engineers
Letaulier
6:55 Loom
9:53 Feudal Age
12:57 Double-Bit Axe
20:34 Castle Age
19:06 Horse Collar
20:02 Stone Mining
25:04 Wheelbarrow
24:44 Padded Archer Armor
24:53 Fletching
25:06 Gold Mining
26:26 Bodkin Arrow
26:53 Bow Saw
27:24 Town Watch
29:59 Ballistics
30:36 Gold Shaft Mining
32:29 Hand Cart
32:53 Leather Archer Armor
36:31 Imperial Age
35:51 Stone Shaft Mining
36:36 Elite Camel Archer
37:54 Conscription
37:50 Kasbah
38:44 Bracer
39:15 Ring Archer Armor
39:10 Bloodlines
40:04 Light Cavalry
40:45 Husbandry
41:03 Guilds
41:01 Maghrebi Camels
42:00 Siege Engineers
43:03 Scale Barding Armor
44:19 Hussar
45:20 Forging
omnomnomnivore
5:16 Loom
12:29 Feudal Age
13:16 Double-Bit Axe
17:57 Castle Age
16:09 Horse Collar
17:01 Fletching
18:08 Gold Mining
18:49 Bow Saw
18:40 Heavy Plow
20:37 Gold Shaft Mining
24:59 Bodkin Arrow
25:04 Padded Archer Armor
26:07 Wheelbarrow
25:17 Town Watch
27:30 Leather Archer Armor
29:17 Ballistics
32:15 Imperial Age
29:46 Town Patrol
30:01 Hand Cart
30:38 Caravan
31:41 Forging
32:10 Stone Mining
32:19 Elite Bolas Rider
33:37 Ring Archer Armor
34:09 Chemistry
34:48 Iron Casting
37:34 Blast Furnace
40:19 Champi Runner
40:45 Arson
41:02 Scale Mail Armor
41:42 Champi Warrior
42:39 Chain Mail Armor
42:38 Malon
42:58 Conscription
42:44 Butalmapu
42:01 Elite Kona
43:02 Elite Champi Warrior
44:14 Plate Mail Armor
43:11 Capped Ram
你可以打我队友吗
5:22 Loom
10:13 Feudal Age
11:28 Loom
14:18 Castle Age
14:51 Castle Age
12:46 Double-Bit Axe
19:27 Horse Collar
24:46 Wheelbarrow
24:02 Town Watch
27:55 Bow Saw
29:27 Squires
29:13 Arson
29:29 Scale Mail Armor
29:40 Forging
30:37 Fletching
30:47 Padded Archer Armor
31:01 Heavy Plow
30:49 Elite Skirmisher
32:21 Ballistics
33:19 Bodkin Arrow
33:57 Leather Archer Armor
37:12 Imperial Age
35:26 Hand Cart
37:27 Fortified Wall
36:58 Treadmill Crane
38:02 Coinage
37:52 Bracer
38:25 Ring Archer Armor
38:58 Chemistry
38:44 Chain Mail Armor
39:05 Iron Casting
38:36 Scale Barding Armor
39:08 Conscription
39:48 Gambesons
42:50 Two-Man Saw
42:23 Crop Rotation
43:31 Vendel Legacy
43:32 Gothikon
43:58 Elite Varangian Guard
老菜套
2:26 Loom
12:26 Feudal Age
13:26 Double-Bit Axe
13:22 Domestication
16:21 Gold Mining
21:46 Castle Age
19:58 Stone Mining
20:38 Town Watch
21:58 Wheelbarrow
22:40 Bow Saw
29:38 Pastoralism
30:19 Stone Shaft Mining
30:22 Scale Mail Armor
30:37 Squires
31:37 Fletching
38:26 Imperial Age
36:33 Bodkin Arrow
36:55 Chain Mail Armor
36:41 Padded Archer Armor
37:16 Hand Cart
36:55 Elite Skirmisher
37:56 Thumb Ring
39:19 Bracer
39:35 Leather Archer Armor
41:07 Conscription
42:17 Two-Man Saw
41:48 Transhumance
42:04 Ring Archer Armor
42:05 Plate Mail Armor
41:46 Forging
44:23 Elite Liao Dao
Kaiser Ze
4:19 Loom
4:25 Loom
6:47 Loom
9:42 Feudal Age
15:05 Castle Age
13:06 Double-Bit Axe
14:33 Gold Mining
20:45 Fletching
27:39 Ballistics
28:34 Bodkin Arrow
32:48 Stone Mining
33:55 Nomads
34:23 Bloodlines
34:13 Husbandry
35:09 Thumb Ring
35:06 Padded Archer Armor
35:36 Elite Skirmisher
39:02 Leather Archer Armor
42:32 Imperial Age
40:38 Wheelbarrow
40:34 Forging
40:29 Scale Barding Armor
42:52 Hand Cart
42:25 Town Watch
43:40 Conscription
44:08 Bracer
Connection lost

Rejoining the realm…

Still unreachable

The connection could not be restored.

Session expired

The server has moved on; the page needs a fresh start.